 Dungeon Crawl Stone Soup version 0.23.2-1-ga50397a (webtiles) character file.

Game seed: 8594098342675845739

284 troglodite the Shield-Bearer (level 6, 0/48 HPs)
             Began as a Demonspawn Fighter on May 21, 2019.
             Was a Follower of Wu Jian.
             Slain by an orc
             ... wielding a +0 falchion
              (4 damage)
             ... on level 4 of the Dungeon.
             The game lasted 00:11:19 (2889 turns).

troglodite the Shield-Bearer (Demonspawn Fighter)   Turns: 2889, Time: 00:11:20

Health: 0/48       AC: 12    Str: 17    XL:     6   Next: 7%
Magic:  6/6        EV:  5    Int:  9    God:    Wu Jian [*.....]
Gold:   147        SH:  9    Dex: 14    Spells: 5/5 levels left

rFire    . . .     SeeInvis .   a - +0 long sword
rCold    . . .     Gourm    .   c - +0 shield
rNeg     . . .     Faith    .   u - +0 chain mail
rPois    .         Spirit   .   (helmet restricted)
rElec    .         Reflect  .   m - scarf {repulsion}
rCorr    +         Harm     .   (no gloves)
MR       .....                  (no boots)
Stlth    ..........             (no amulet)
HPRegen  0.16/turn              p - ring of resist corrosion
MPRegen  0.10/turn              (no ring)

@: repel missiles
A: antennae 1, slimy green scales 2
a: Renounce Religion


You were on level 4 of the Dungeon.
You worshipped Wu Jian.
Wu Jian was aware of your devotion.
You were not hungry.

You visited 2 branches of the dungeon, and saw 5 of its levels.

You collected 147 gold pieces.

Inventory:

Hand Weapons
 a - a +0 long sword (weapon)
Armour
 c - a +0 shield (worn)
 m - a scarf of repulsion (worn)
 u - a +0 chain mail (worn)
Jewellery
 p - a ring of resist corrosion (left hand)
Scrolls
 b - a scroll of identify
 e - a scroll of remove curse
 i - 4 scrolls of teleportation
 j - a scroll of amnesia
 q - a scroll of fear
 r - a scroll of immolation {unknown}
 s - 2 scrolls of magic mapping {unknown}
Potions
 d - a potion of might
 g - a potion of magic
 k - 2 potions of flight
 n - 3 potions of curing
 o - 2 potions of berserk rage
Comestibles
 f - 4 rations
 t - 7 chunks of flesh


   Skills:
 * Level 3.9 Fighting
 + Level 2.5 Long Blades
 * Level 3.5 Armour
 * Level 2.1 Dodging
 * Level 4.2 Shields


You had 5 spell levels left.
You didn't know any spells.
Your spell library was empty.

Dungeon Overview and Level Annotations

Branches:
Dungeon (4/15)             Temple (1/1) D:4

Altars:
Ashenzari
Cheibriados
Dithmenos
Elyvilon
Gozag
Makhleb
Nemelex Xobeh
Okawaru
Qazlal
Ru
Sif Muna
Trog
Uskayaw
Vehumet
Wu Jian
Yredelemnul
Zin
The Shining One


Innate Abilities, Weirdness & Mutations

You have a pair of small antennae on your head.
You are mostly covered in slimy green scales. (AC +3)


Message History

The orc barely misses you.
You riposte.
You barely miss the orc. You block the orc's attack. x2
You hit the orc but do no damage. The orc hits you with a +0 falchion.
* * * LOW HITPOINT WARNING * * *
The orc completely misses you.
You riposte.
You closely miss the orc.
Your chain mail prevents you from hitting the orc.
The orc hits you but does no damage. You block the orc's attack.
The orc hits you but does no damage. The orc hits you.
* * * LOW HITPOINT WARNING * * *
You slash the orc!
You kill the orc!
The Council accepts your kill. You block the orc's attack.
You hit the orc.
The orc is lightly wounded.
You block the orc's attack.
You hit the orc.
The orc is heavily wounded.
The orc hits you but does no damage. The orc hits you with a +0 falchion.
You die...

#..........
#...........
#...........
#...........
#...........
#######...........
#.................
##........o))......
..........[@.......
...................
............#######
..######....#
#....# #....#
#....# #..>.#
..###########....#


You could see an orc.

Vanquished Creatures
  2 orc priests (D:4)
  A bullfrog skeleton (D:4)
  An orc wizard (D:3)
  A worker ant (D:2)
  3 gnolls (D:4)
  3 adders
  An ooze (D:3)
  2 worms (D:2)
  A dart slug (D:2)
  3 leopard geckos
  8 orcs
  3 giant cockroaches
  7 hobgoblins
  8 jackals
  9 kobolds
  2 quokkas (D:2)
  4 bats (D:1)
  6 frilled lizards
  3 goblins
  2 rats
70 creatures vanquished.

Notes
Turn   | Place    | Note
-------+----------+-------------------------------------------
     0 | D:1      | troglodite the Demonspawn Fighter began the quest for the
                  | Orb.
     0 | D:1      | Reached XP level 1. HP: 18/18 MP: 1/1
   294 | D:1      | Gained mutation: You are partially covered in slimy green
                  | scales. (AC +2) [demonic ancestry]
   294 | D:1      | Reached XP level 2. HP: 21/24 MP: 2/2
   414 | D:1      | Reached skill level 3 in Shields
  1026 | D:1      | Reached XP level 3. HP: 25/29 MP: 3/3
  1178 | D:2      | Found an ornate altar of the Wu Jian Council.
  1178 | D:2      | Found a shadowy altar of Dithmenos.
  1225 | D:2      | Became a worshipper of the Wu Jian Council
  1263 | D:2      | Reached skill level 1 in Dodging
  1546 | D:2      | Reached XP level 4. HP: 33/35 MP: 4/4
  1860 | D:3      | Found a sparkling altar of Nemelex Xobeh.
  2039 | D:3      | Found a radiant altar of Vehumet.
  2297 | D:3      | Gained mutation: You are mostly covered in slimy green
                  | scales. (AC +3) [demonic ancestry]
  2297 | D:3      | Reached XP level 5. HP: 20/42 MP: 5/5
  2655 | D:4      | Reached * piety under Wu Jian
  2680 | D:4      | Reached skill level 4 in Shields
  2690 | D:4      | Found a staircase to the Ecumenical Temple.
  2731 | Temple   | Entered the Ecumenical Temple
  2884 | D:4      | Gained mutation: You have a pair of small antennae on your
                  | head. [demonic ancestry]
  2884 | D:4      | Reached XP level 6. HP: 9/48 MP: 6/6
  2889 | D:4      | Slain by an orc

Skill      XL: |  1  2  3  4  5 |
---------------+----------------+-----
Shields        | 3 4 |  4.2
Armour         | 3 |  3.5
Dodging        | 1 2 |  2.1
Long Blades    | 2 |  2.5
Fighting       | |  3.9

Action                   |  1- 3 |  4- 6 || total
-------------------------+-------+-------++-------
Melee: Long sword        |   139 |   133 ||   272
Invok: Lunge             |     3 |     1 ||     4
       Whirlwind         |       |     2 ||     2
  Use: Scroll            |       |     9 ||     9
  Eat: Chunk             |     2 |     5 ||     7
Armor: Scale mail        |    98 |    25 ||   123
       Chain mail        |       |    45 ||    45
Dodge: Dodged            |    47 |    40 ||    87
       Deflected         |       |     1 ||     1
Block: Shield            |    90 |    85 ||   175
       Rpst.: Long sword |    20 |    15 ||    35
